 Dungeon Crawl Stone Soup version 0.22-a0-433-gd2a9cce (webtiles) character file.

685 mortelune the Magician (level 7, -5/51 HPs)
             Began as a Gnoll Wizard on May 27, 2018.
             Was an Initiate of Cheibriados.
             Slain by an orc warrior
             ... wielding a +0 morningstar
              (18 damage)
             ... on level 5 of the Dungeon.
             The game lasted 00:25:58 (8914 turns).

mortelune the Magician (Gnoll Wizard)               Turns: 8914, Time: 00:25:59

Health: -5/51      AC:  3    Str: 11    XL:     7   Next: 62%
Magic:  4/18       EV: 15    Int: 22    God:    Cheibriados [......]
Gold:   217        SH:  0    Dex: 15    Spells: 7/21 levels left

rFire    + . .     SeeInvis .   o - +0 falchion
rCold    . . .     Gourm    .   (no shield)
rNeg     . . .     Faith    .   a - +0 robe
rPois    .         Spirit   .   b - +0 hat
rElec    .         Reflect  .   (no cloak)
rCorr    .         Harm     .   (no gloves)
MR       .....                  h - +0 pair of boots
Stlth    +++.......             (no amulet)
HPRegen  0.17/turn              u - ring of protection from fire
MPRegen  0.16/turn              (no ring)

@: very slow
A: distributed training, fangs 1, strong nose
a: Bend Time, Renounce Religion


You were on level 5 of the Dungeon.
You worshipped Cheibriados.
Cheibriados was noncommittal.
You were not hungry.

You visited 2 branches of the dungeon, and saw 7 of its levels.

You collected 217 gold pieces.

Inventory:

Hand Weapons
 c - a +0 dagger
 o - a +0 falchion (weapon)
Armour
 a - a +0 robe (worn)
 b - a +0 hat (worn)
 h - a +0 pair of boots (worn)
 x - a +0 ring mail
 z - a +0 ring mail
Jewellery
 u - a ring of protection from fire (left hand)
Wands
 f - a wand of digging (14)
 s - a wand of disintegration (14)
 B - a wand of paralysis (14)
 E - a wand of acid (10)
Scrolls
 g - 4 scrolls of teleportation
 j - 3 scrolls of identify
 l - 5 scrolls of remove curse
 q - a scroll of amnesia
 r - 2 scrolls of fear
 t - a scroll of enchant weapon {unknown}
 y - a scroll of noise {unknown}
 F - a scroll of fog {unknown}
Potions
 k - a potion of agility {unknown}
 m - 2 potions of cancellation
 n - a potion of haste {unknown}
 p - a potion of lignification {unknown}
 v - 2 potions of degeneration
 w - a potion of mutation {unknown}
 C - a potion of ambrosia {unknown}
 D - a potion of curing
Comestibles
 d - 6 rations


   Skills:
 + Level 2.5 Fighting
 + Level 2.5 Short Blades
 + Level 2.5 Long Blades
 + Level 2.5 Axes
 + Level 2.5 Maces & Flails
 + Level 2.5 Polearms
 + Level 2.5 Staves
 + Level 2.5 Slings
 + Level 2.5 Bows
 + Level 2.5 Crossbows
 + Level 2.5 Throwing
 + Level 2.5 Armour
 + Level 5.3 Dodging
 + Level 4.9 Stealth
 + Level 2.5 Shields
 + Level 2.5 Unarmed Combat
 + Level 7.6 Spellcasting
 + Level 3.0 Conjurations
 + Level 2.1 Hexes
 + Level 2.1 Charms
 + Level 3.0 Summonings
 + Level 2.1 Necromancy
 + Level 3.0 Translocations
 + Level 2.1 Transmutations
 + Level 2.1 Fire Magic
 + Level 2.1 Ice Magic
 + Level 2.1 Air Magic
 + Level 2.1 Earth Magic
 + Level 2.1 Poison Magic
 + Level 2.8 Invocations
 + Level 2.5 Evocations


You had 7 spell levels left.
You knew the following spells:

 Your Spells              Type           Power        Failure   Level  Hunger
a - Magic Dart            Conj           ###.         2%          1    None
b - Blink                 Tloc           N/A          3%          2    None
c - Call Imp              Summ           ###.....     3%          2    None
d - Conjure Flame         Conj/Fire      ###.....     9%          3    None
e - Mephitic Cloud        Conj/Pois/Air  ###.....     9%          3    None
f - Tukima's Dance        Hex            ###.....     10%         3    None

Your spell library contained the following spells:

 Spells                   Type           Power        Failure   Level  Hunger
 Slow                     Hex            ###.....     4%          2    None
 Confuse                  Hex            ###.....     10%         3    None
 Ensorcelled Hibernation  Hex/Ice        ###...       4%          2    None
 Corona                   Hex            ###....      3%          1    None
 Dazzling Spray           Conj/Hex       ###...       9%          3    None


Dungeon Overview and Level Annotations

Branches:
Dungeon (6/15)             Temple (1/1) D:5

Altars:
Ashenzari
Cheibriados
Dithmenos
Fedhas
Gozag
Hepliaklqana
Makhleb
Okawaru
Qazlal
Trog
Uskayaw
Wu Jian
Xom
Zin
The Shining One

Annotations:
D:4 Patate's ghost, novice GnSk
D:5 Duvessa


Innate Abilities, Weirdness & Mutations

Your experience applies equally to all skills.
You have very sharp teeth.
Your uncanny sense of smell can sniff out nearby items.


Message History

Confirm with . or Enter, or press ? or * to list all spells.
You blink.
There is a stone staircase leading up here.
Casting: Blink (safe; 3% risk of failure)
Confirm with . or Enter, or press ? or * to list all spells.
You blink.
You hit the orc warrior.
The orc warrior is moderately wounded.
The orc warrior completely misses you.
You barely miss the orc warrior. Your bite misses the orc warrior.
The orc warrior is moderately wounded.
The orc warrior barely misses you.
You hit the orc warrior but do no damage.
You bite the orc warrior, but do no damage.
The orc warrior is moderately wounded.
The orc warrior hits you with a morningstar!
* * * LOW HITPOINT WARNING * * *
The orc warrior closely misses you.
The orc warrior hits you with a morningstar!!
You die...

#..#######.# #..#
#.# #..# #.# #..#
#.## #..# ####.#.
#..# ##...#..
######..#
#...#.##
#.o.....###.#.#[#
#@#####.#...#..<#
#.# #...#####.#
#.# ###...#...##
#.#
#######<#.####
#.# #.........# #
#.# #.##.##.### #
#.#
#.##.##.######
#.#
#......)......
#.#
#..#.##.######


You could see an orc warrior.

Vanquished Creatures
  An ogre (D:6)
  A centaur (D:5)
  Dowan (D:5)
  A scorpion (D:6)
  A crimson imp (D:5)
  A jelly (D:5)
  An orc priest (D:6)
  A hound (D:5)
  A worker ant (D:5)
  A hound zombie (D:6)
  A hound skeleton (D:5)
  7 adders
  A shadow imp (D:5)
  An adder skeleton (D:6)
  2 worms
  2 dart slugs
  6 orcs
  A ball python (D:3)
  7 bats
  7 giant cockroaches
  3 hobgoblins
  15 jackals
  3 quokkas
  3 frilled lizards
  7 goblins
  A jackal skeleton (D:5)
  8 kobolds
  A quokka skeleton (D:4)
  7 rats
93 creatures vanquished.

Vanquished Creatures (collateral kills)
  The ghost of Mekire the Changer, an amateur DrTm (D:3)
  A hound (D:6)
  2 adders
  A worm (D:6)
  A leopard gecko (D:3)
  An orc (D:6)
  A giant cockroach (D:3)
  6 jackals (D:2)
14 creatures vanquished.

Vanquished Creatures (others)
  A dancing weapon (D:6)
1 creature vanquished.

Grand Total: 108 creatures vanquished

Notes
Turn   | Place    | Note
-------+----------+-------------------------------------------
     0 | D:1      | mortelune the Gnoll Wizard began the quest for the Orb.
     0 | D:1      | Reached XP level 1. HP: 13/13 MP: 8/8
   173 | D:1      | Reached XP level 2. HP: 19/19 MP: 7/10
   177 | D:1      | Learned a level 2 spell: Blink
   180 | D:1      | Learned a level 2 spell: Call Imp
   758 | D:1      | Reached XP level 3. HP: 25/25 MP: 8/11
   946 | D:1      | Learned a level 3 spell: Conjure Flame
  1274 | D:2      | Reached skill level 1 in Invocations
  1638 | D:2      | Found a bloodstained altar of Trog.
  1803 | D:2      | Reached skill level 1 in Fighting
  1803 | D:2      | Reached skill level 1 in Short Blades
  1803 | D:2      | Reached skill level 1 in Long Blades
  1803 | D:2      | Reached skill level 1 in Axes
  1803 | D:2      | Reached skill level 1 in Maces & Flails
  1803 | D:2      | Reached skill level 1 in Polearms
  1803 | D:2      | Reached skill level 1 in Staves
  1803 | D:2      | Reached skill level 1 in Slings
  1803 | D:2      | Reached skill level 1 in Bows
  1803 | D:2      | Reached skill level 1 in Crossbows
  1803 | D:2      | Reached skill level 1 in Throwing
  1803 | D:2      | Reached skill level 1 in Armour
  1803 | D:2      | Reached skill level 1 in Shields
  1803 | D:2      | Reached skill level 1 in Unarmed Combat
  1803 | D:2      | Reached skill level 1 in Evocations
  1803 | D:2      | Reached XP level 4. HP: 32/32 MP: 9/13
  2196 | D:3      | Reached skill level 1 in Hexes
  2196 | D:3      | Reached skill level 1 in Charms
  2196 | D:3      | Reached skill level 1 in Necromancy
  2196 | D:3      | Reached skill level 1 in Transmutations
  2196 | D:3      | Reached skill level 1 in Fire Magic
  2196 | D:3      | Reached skill level 1 in Ice Magic
  2196 | D:3      | Reached skill level 1 in Air Magic
  2196 | D:3      | Reached skill level 1 in Earth Magic
  2196 | D:3      | Reached skill level 1 in Poison Magic
  2546 | D:3      | Noticed Mekire's ghost (amateur DrTm)
  3038 | D:3      | Found a faded altar of an unknown god.
  3387 | D:3      | Reached XP level 5. HP: 31/37 MP: 6/14
  3538 | D:3      | Killed Mekire's ghost
  4068 | D:4      | Learned a level 3 spell: Mephitic Cloud
  4106 | D:4      | Found an opulent altar of Gozag.
  4173 | D:4      | Noticed Patate's ghost (novice GnSk)
  5156 | D:5      | Entered Level 5 of the Dungeon
  5233 | D:5      | You fall through a shaft!
  5579 | D:5      | Noticed a centaur
  5593 | D:5      | Killed a centaur
  5593 | D:5      | Reached XP level 6. HP: 15/44 MP: 8/16
  5826 | D:5      | Reached skill level 5 in Dodging
  6166 | D:5      | Noticed Duvessa
  6166 | D:5      | Noticed Dowan
  6344 | D:5      | Found a staircase to the Ecumenical Temple.
  6399 | Temple   | Entered the Ecumenical Temple
  6444 | Temple   | Became a worshipper of Cheibriados the Contemplative
  6528 | D:5      | Killed Dowan
  6528 | D:5      | Reached XP level 7. HP: 48/50 MP: 11/18
  6624 | D:5      | Learned a level 3 spell: Tukima's Dance
  8914 | D:5      | Slain by an orc warrior

Vault maps used:
D:1:      lightli_arrival_lavapool
D:2:      bloody_trog, serial_bayou_pond_d, minmay_misc_feat_hallway,
          dk_vineyard_2, minmay_tetromino_s2
D:3:      kennysheep_big_flooded_room, first_ration,
          chequers_ecumenical_altar_island, hangedman_decor_points
D:4:      minivault_1, nicolae_gozag_cash_rules_everything_around_me
D:5:      temple_pool_b, uniq_duvessa
D:6:      marbit_many_paths, yredelemnul_altar_generic
Temple:   nicolae_temple_god_jail

Skill      XL: |  1  2  3  4  5  6  7 |
---------------+----------------------+-----
Conjurations   | 2 3 |  3.0
Summonings     | 2 3 |  3.0
Translocations | 2 3 |  3.0
Invocations    | 1 2 |  2.8
Fighting       | 1 2 |  2.5
Short Blades   | 1 2 |  2.5
Long Blades    | 1 2 |  2.5
Axes           | 1 2 |  2.5
Maces & Flails | 1 2 |  2.5
Polearms       | 1 2 |  2.5
Staves         | 1 2 |  2.5
Slings         | 1 2 |  2.5
Bows           | 1 2 |  2.5
Crossbows      | 1 2 |  2.5
Throwing       | 1 2 |  2.5
Armour         | 1 2 |  2.5
Shields        | 1 2 |  2.5
Unarmed Combat | 1 2 |  2.5
Evocations     | 1 2 |  2.5
Hexes          | 1 2 |  2.1
Charms         | 1 2 |  2.1
Necromancy     | 1 2 |  2.1
Transmutations | 1 2 |  2.1
Fire Magic     | 1 2 |  2.1
Ice Magic      | 1 2 |  2.1
Air Magic      | 1 2 |  2.1
Earth Magic    | 1 2 |  2.1
Poison Magic   | 1 2 |  2.1
Dodging        | 5 |  5.3
Stealth        | |  4.9
Spellcasting   | |  7.6

Action                   |  1- 3 |  4- 6 |  7- 9 || total
-------------------------+-------+-------+-------++-------
Melee: Dagger            |    13 |    17 |       ||    30
       Bite              |     2 |     7 |     6 ||    15
       Falchion          |       |    39 |    37 ||    76
       Punch             |       |       |     2 ||     2
 Cast: Magic Dart        |    65 |   184 |    75 ||   324
       Call Imp          |     3 |    26 |     6 ||    35
       Conjure Flame     |       |     3 |     6 ||     9
       Blink             |       |     4 |    17 ||    21
       Tukima's Dance    |       |       |     9 ||     9
       Mephitic Cloud    |       |       |     1 ||     1
  Use: Scroll            |       |     3 |     8 ||    11
       Potion            |       |       |     2 ||     2
 Stab: Distracted        |     1 |       |       ||     1
  Eat: Chunk             |     3 |    11 |     1 ||    15
       Ration            |       |     1 |     2 ||     3
Armor: Robe              |     3 |    31 |    12 ||    46
       Ring mail         |       |     1 |       ||     1
Dodge: Dodged            |     8 |   117 |    55 ||   180
       Rpst.: Falchion   |       |    28 |    17 ||    45

Table legend:
 A = Spawn XP
 B = Non-spawn XP
 C = Spawn XP percentage of total XP
 D = Spawn monster count
 E = Non-spawn monster count
 F = Spawn count percentage of total count
 G = Total turns spent on level
                    A         B        C        D         E        F      G
               +---------+---------+-------+---------+---------+-------+---------
         Total |       0 |     979 |   0.0 |       0 |     107 |   0.0 |  8914
               +---------+---------+-------+---------+---------+-------+---------
           D:1 |       0 |      35 |   0.0 |       0 |      21 |   0.0 |   959
           D:2 |       0 |      67 |   0.0 |       0 |      21 |   0.0 |  1401
           D:3 |       0 |     143 |   0.0 |       0 |      31 |   0.0 |  2717
           D:4 |       0 |      35 |   0.0 |       0 |       7 |   0.0 |   911
           D:5 |       0 |     408 |   0.0 |       0 |      15 |   0.0 |  1553
           D:6 |       0 |     291 |   0.0 |       0 |      12 |   0.0 |  1306
               +---------+---------+-------+---------+---------+-------+---------
